TOP OF THE 1ST |
Boston Red Sox batting - Pitching for California Angels : RHP Matt Decker
|
Pitching: RHP Matt Decker
|
|
Batting: RHB Alois Wollf
|
0-0: Ball 1-0: Ball 2-0: SOLO HOME RUN (Flyball, 7D, EV 99.4 MPH), Distance : 384 ft
|
Batting: LHB Kevin McCormic Jr.
|
0-0: Ball 1-0: Swinging Strike 1-1: Ball 2-1: Foul Ball, location: 2F 2-2: Ball 3-2: Base on Balls
|
Batting: RHB David Price Jr.
|
0-0: Ball 1-0: Called Strike 1-1: Ball 2-1: Grounds into double play, 6-4-3 (Groundball, 6, EV 105.6 MPH)
|
Batting: LHB Jarrett Mordecai
|
0-0: Swinging Strike 0-1: Foul Ball, location: 2F 0-2: Strikes out swinging
|
Top of the 1st over - 1 run, 1 hit, 0 errors, 0 left on base; Boston 1 - California 0 |
BOTTOM OF THE 1ST |
California Angels batting - Pitching for Boston Red Sox : RHP Justin Whitesack
|
Pitching: RHP Justin Whitesack
|
|
Batting: RHB Alain Delhaye
|
0-0: SINGLE (Flyball, 34D, EV 90.6 MPH)
|
Batting: RHB Preston Deakyne
|
0-0: Fly out, F8 (Line Drive, 89M, EV 110.0 MPH)
|
Batting: LHB Mark Reeg
|
0-0: Called Strike 0-1: Foul Ball, location: 2F 0-2: 2-RUN HOME RUN (Flyball, 9LD, EV 91.9 MPH), Distance : 352 ft
|
Batting: LHB Rusty Ney
|
0-0: Ball 1-0: Swinging Strike 1-1: Foul Ball, location: 2F 1-2: Foul Ball, location: 2F 1-2: Ball 2-2: Ball 3-2: Foul Ball, location: 2F 3-2: Fly out, F8 (Flyball, 89D, EV 89.4 MPH)
|
Batting: RHB Bjoern Waltersson
|
0-0: Called Strike 0-1: Called Strike 0-2: Ball 1-2: Foul Ball, location: 2F 1-2: SINGLE (Groundball, 6S, EV 70.0 MPH) (infield hit)
|
Batting: RHB Nick Dunn
|
0-0: Called Strike 0-1: Ball 1-1: Swinging Strike 1-2: Strikes out swinging
|
Bottom of the 1st over - 2 runs, 3 hits, 0 errors, 1 left on base; Boston 1 - California 2 |
TOP OF THE 2ND |
Boston Red Sox batting - Pitching for California Angels : RHP Matt Decker
|
Batting: LHB Sakae Kasahara
|
0-0: Ground out U3 (Groundball, 34, EV 86.9 MPH)
|
Batting: RHB Elijah Campbell
|
0-0: Ball 1-0: Ball 2-0: Called Strike 2-1: Foul Ball, location: 2F 2-2: Foul Ball, location: 2F 2-2: Ball 3-2: Base on Balls
|
Batting: RHB Nick Esteves
|
0-0: Grounds into double play, 4-6-3 (Groundball, 4, EV 83.8 MPH)
|
Top of the 2nd over - 0 runs, 0 hits, 0 errors, 0 left on base; Boston 1 - California 2 |
BOTTOM OF THE 2ND |
California Angels batting - Pitching for Boston Red Sox : RHP Justin Whitesack
|
Batting: LHB Jonathon Walton
|
0-0: Foul Ball, location: 2F 0-1: Ball 1-1: Swinging Strike 1-2: Strikes out swinging
|
Batting: RHB Avery Maxwell
|
0-0: Foul Ball, location: 2F 0-1: Ball 1-1: Foul Ball, location: 2F 1-2: Strikes out swinging
|
Batting: LHB Javier Trujillo
|
0-0: Called Strike 0-1: Called Strike 0-2: Strikes out looking
|
Bottom of the 2nd over - 0 runs, 0 hits, 0 errors, 0 left on base; Boston 1 - California 2 |
TOP OF THE 3RD |
Boston Red Sox batting - Pitching for California Angels : RHP Matt Decker
|
Batting: RHB Mike McElroy
|
0-0: Ground out 3-1 (Groundball, 34, EV 86.9 MPH)
|
Batting: SHB Greg Shaw
|
0-0: Called Strike 0-1: Ball 1-1: Called Strike 1-2: Ball 2-2: Strikes out swinging
|
Batting: RHB Alois Wollf
|
0-0: Ball 1-0: Called Strike 1-1: Swinging Strike 1-2: Ball 2-2: Ground out 5-3 (Groundball, 5L, EV 105.0 MPH)
|
Top of the 3rd over - 0 runs, 0 hits, 0 errors, 0 left on base; Boston 1 - California 2 |
BOTTOM OF THE 3RD |
California Angels batting - Pitching for Boston Red Sox : RHP Justin Whitesack
|
Batting: RHB Alain Delhaye
|
0-0: Foul Ball, location: 2F 0-1: Swinging Strike 0-2: Strikes out swinging
|
Batting: RHB Preston Deakyne
|
0-0: Fly out, F7 (Flyball, 7, EV 84.4 MPH)
|
Batting: LHB Mark Reeg
|
0-0: Fly out, F8 (Flyball, 8RXD, EV 95.6 MPH)
|
Bottom of the 3rd over - 0 runs, 0 hits, 0 errors, 0 left on base; Boston 1 - California 2 |
TOP OF THE 4TH |
Boston Red Sox batting - Pitching for California Angels : RHP Matt Decker
|
Batting: LHB Kevin McCormic Jr.
|
0-0: Called Strike 0-1: Called Strike 0-2: Ball 1-2: Strikes out swinging
|
Batting: RHB David Price Jr.
|
0-0: Foul Ball, location: 2F 0-1: Ball 1-1: Ground out 6-3 (Groundball, 6S, EV 70.0 MPH)
|
Batting: LHB Jarrett Mordecai
|
0-0: SINGLE (Groundball, 6D, EV 97.5 MPH)
|
Batting: LHB Sakae Kasahara
|
0-0: Ball 1-0: Ball 2-0: Foul Ball, location: 2F 2-1: Foul Ball, location: 2F 2-2: Ball 3-2: Foul Ball, location: 2F 3-2: Base on Balls Jarrett Mordecai to second
|
Batting: RHB Elijah Campbell
|
0-0: Ball 1-0: Swinging Strike 1-1: Foul Ball, location: 2F 1-2: Ball 2-2: Foul Ball, location: 2F 2-2: Ball 3-2: Ground out 6-3 (Groundball, 6, EV 87.5 MPH)
|
Top of the 4th over - 0 runs, 1 hit, 0 errors, 2 left on base; Boston 1 - California 2 |
BOTTOM OF THE 4TH |
California Angels batting - Pitching for Boston Red Sox : RHP Justin Whitesack
|
Batting: LHB Rusty Ney
|
0-0: Ball 1-0: Ball 2-0: Ball 3-0: Called Strike 3-1: Called Strike 3-2: SOLO HOME RUN (Flyball, 89XD, EV 112.5 MPH), Distance : 432 ft
|
Batting: RHB Bjoern Waltersson
|
0-0: Foul Ball, location: 2F 0-1: Fly out, F9 (Flyball, 89M, EV 83.1 MPH)
|
Batting: RHB Nick Dunn
|
0-0: Ball 1-0: Fly out, F7 (Flyball, 78S, EV 83.8 MPH)
|
Batting: LHB Jonathon Walton
|
0-0: Called Strike 0-1: Foul Ball, location: 2F 0-2: Ball 1-2: Strikes out swinging
|
Bottom of the 4th over - 1 run, 1 hit, 0 errors, 0 left on base; Boston 1 - California 3 |
TOP OF THE 5TH |
Boston Red Sox batting - Pitching for California Angels : RHP Matt Decker
|
Batting: RHB Nick Esteves
|
0-0: Called Strike 0-1: Ball 1-1: SINGLE (Groundball, 56S, EV 71.9 MPH) (infield hit)
|
Batting: RHB Mike McElroy
|
0-0: DOUBLE (Groundball, 5L, EV 106.9 MPH) Nick Esteves to third
|
Batting: SHB Greg Shaw
|
0-0: Ball 1-0: Swinging Strike 1-1: Swinging Strike 1-2: Ball 2-2: Ball 3-2: Foul Ball, location: 2F 3-2: Strikes out swinging
|
Batting: RHB Alois Wollf
|
0-0: Foul Ball, location: 2F 0-1: SINGLE (Line Drive, 78S, EV 100.6 MPH) Nick Esteves scores Mike McElroy to third Runner from 3rd tries for Home, SAFE, throw by CF to home Alois Wollf to second
|
Batting: LHB Kevin McCormic Jr.
|
0-0: Ball 1-0: Ball 2-0: Ball 3-0: Called Strike 3-1: Base on Balls
|
Batting: RHB David Price Jr.
|
0-0: Called Strike 0-1: Swinging Strike 0-2: Ball 1-2: Strikes out swinging
|
Batting: LHB Jarrett Mordecai
|
0-0: Ball 1-0: Foul Ball, location: 2F 1-1: Ball 2-1: Fly out, F8 (Flyball, 8LD, EV 100.6 MPH)
|
Top of the 5th over - 2 runs, 3 hits, 0 errors, 2 left on base; Boston 3 - California 3 |
BOTTOM OF THE 5TH |
California Angels batting - Pitching for Boston Red Sox : RHP Justin Whitesack
|
Batting: RHB Avery Maxwell
|
0-0: Called Strike 0-1: Ball 1-1: Swinging Strike 1-2: Fly out, F7 (Flyball, 7, EV 93.1 MPH)
|
Batting: LHB Javier Trujillo
|
0-0: Ball 1-0: Ground out U3 (Groundball, 3, EV 90.0 MPH)
|
Batting: RHB Alain Delhaye
|
0-0: Hit by Pitch
|
Batting: RHB Preston Deakyne
|
0-0: Called Strike 0-1: Ball 1-1: Swinging Strike 1-2: Strikes out swinging
|
Bottom of the 5th over - 0 runs, 0 hits, 0 errors, 1 left on base; Boston 3 - California 3 |
TOP OF THE 6TH |
Boston Red Sox batting - Pitching for California Angels : RHP Matt Decker
|
Batting: LHB Sakae Kasahara
|
0-0: Ball 1-0: Ball 2-0: Ball 3-0: Base on Balls
|
Batting: RHB Elijah Campbell
|
0-0: Ball 1-0: Called Strike 1-1: Called Strike 1-2: Foul Ball, location: 2F 1-2: Foul Ball, location: 2F 1-2: Ball 2-2: Foul Ball, location: 2F 2-2: Ball 3-2: Base on Balls Sakae Kasahara to second
|
Pitching: RHP Bryan Banana
|
|
Batting: RHB Nick Esteves
|
0-0: Ball 1-0: Ground out U3 (Groundball, 3, EV 87.5 MPH) Sakae Kasahara to third Elijah Campbell to second
|
Pinch Hitting: SHB Ben Ervin
|
0-0: Swinging Strike 0-1: Ball 1-1: Ball 2-1: Ground out 6-3 (Groundball, 56, EV 87.5 MPH)
|
Batting: SHB Greg Shaw
|
0-0: Called Strike 0-1: Called Strike 0-2: Ball 1-2: Ball 2-2: Strikes out swinging
|
Top of the 6th over - 0 runs, 0 hits, 0 errors, 2 left on base; Boston 3 - California 3 |
BOTTOM OF THE 6TH |
California Angels batting - Pitching for Boston Red Sox : RHP Justin Whitesack
|
Now at 2B: Ben Ervin
|
|
Batting: LHB Mark Reeg
|
0-0: Ball 1-0: SINGLE (Line Drive, 8LS, EV 105.6 MPH)
|
Batting: LHB Rusty Ney
|
0-0: Called Strike 0-1: Foul Ball, location: 2F 0-2: Ball 1-2: Ball 2-2: SINGLE (Groundball, 4S, EV 66.2 MPH) (infield hit) Mark Reeg to second
|
Batting: RHB Bjoern Waltersson
|
0-0: Foul Ball, location: 2F 0-1: Fly out, F6 (Line Drive, 6M, EV 71.9 MPH)
|
Batting: RHB Nick Dunn
|
0-0: Ball 1-0: Fly out, F7 (Line Drive, 7, EV 95.0 MPH)
|
Batting: LHB Jonathon Walton
|
0-0: SINGLE (Line Drive, 9LM, EV 109.4 MPH) Mark Reeg to third Rusty Ney to second Runner from 3rd tries for Home, SAFE, throw by RF to home
|
Batting: RHB Avery Maxwell
|
0-0: Ball 1-0: Swinging Strike 1-1: Swinging Strike 1-2: Ball 2-2: Foul Ball, location: 2F 2-2: Strikes out looking
|
Bottom of the 6th over - 1 run, 3 hits, 0 errors, 2 left on base; Boston 3 - California 4 |
TOP OF THE 7TH |
Boston Red Sox batting - Pitching for California Angels : RHP Bryan Banana
|
Pitching: RHP Danny White
|
|
Batting: RHB Alois Wollf
|
0-0: Called Strike 0-1: Foul Ball, location: 2F 0-2: Ball 1-2: Strikes out swinging
|
Batting: LHB Kevin McCormic Jr.
|
0-0: Called Strike 0-1: Ball 1-1: Ball 2-1: Fly out, F8 (Flyball, 8RXD, EV 109.4 MPH)
|
Batting: RHB David Price Jr.
|
0-0: Foul Ball, location: 2F 0-1: Ball 1-1: Swinging Strike 1-2: Strikes out swinging
|
Top of the 7th over - 0 runs, 0 hits, 0 errors, 0 left on base; Boston 3 - California 4 |
BOTTOM OF THE 7TH |
California Angels batting - Pitching for Boston Red Sox : RHP Justin Whitesack
|
Batting: LHB Javier Trujillo
|
0-0: Ball 1-0: Ball 2-0: Ball 3-0: Base on Balls
|
Batting: RHB Alain Delhaye
|
0-0: Bunted foul 0-1: Bunt missed! 0-2: Ball 1-2: Strikes out swinging
|
Batting: RHB Preston Deakyne
|
0-0: Grounds into double play, 4-6-3 (Groundball, 4M, EV 85.6 MPH)
|
Bottom of the 7th over - 0 runs, 0 hits, 0 errors, 0 left on base; Boston 3 - California 4 |
TOP OF THE 8TH |
Boston Red Sox batting - Pitching for California Angels : RHP Danny White
|
Pitching: LHP George Poirier
|
|
Pinch Hitting: SHB Marvin Lawrence
|
0-0: Called Strike 0-1: Ball 1-1: Called Strike 1-2: Strikes out looking
|
Pitching: LHP Steve Cooper
|
|
Batting: RHB Jose Diaz
|
0-0: Foul Ball, location: 2F 0-1: Swinging Strike 0-2: Ground out 1-3 (Groundball, 25, EV 70.6 MPH)
|
Batting: RHB Elijah Campbell
|
0-0: Called Strike 0-1: Ball 1-1: SINGLE (Flyball, 4MD, EV 84.4 MPH)
|
Batting: RHB Nick Esteves
|
0-0: Called Strike 0-1: Ball 1-1: Ball 2-1: Foul Ball, location: 2F 2-2: Ball 3-2: Fly out, F7 (Flyball, 78D, EV 77.5 MPH)
|
Top of the 8th over - 0 runs, 1 hit, 0 errors, 1 left on base; Boston 3 - California 4 |
BOTTOM OF THE 8TH |
California Angels batting - Pitching for Boston Red Sox : RHP Justin Whitesack
|
Now at 1B: Kevin McCormic Jr.
|
|
Now in LF: Marvin Lawrence
|
|
Batting: LHB Mark Reeg
|
0-0: Ball 1-0: Ground out 5-3 (Groundball, 56, EV 105.0 MPH)
|
Batting: LHB Rusty Ney
|
0-0: Ball 1-0: Swinging Strike 1-1: Foul Ball, location: 2F 1-2: SINGLE (Flyball, 8RS, EV 92.5 MPH)
|
Pitching: LHP Danny Schneible
|
|
Batting: RHB Bjoern Waltersson
|
0-0: Called Strike 0-1: Ball 1-1: Ball 2-1: Foul Ball, location: 2F 2-2: Foul Ball, location: 2F 2-2: Strikes out swinging
|
Batting: RHB Nick Dunn
|
0-0: Called Strike 0-1: Called Strike 0-2: Ball 1-2: Ball 2-2: Foul Ball, location: 2F 2-2: Foul Ball, location: 2F 2-2: Ground out 1-3 (Groundball, 13S, EV 60.0 MPH)
|
Bottom of the 8th over - 0 runs, 1 hit, 0 errors, 1 left on base; Boston 3 - California 4 |
TOP OF THE 9TH |
Boston Red Sox batting - Pitching for California Angels : LHP Steve Cooper
|
Pitching: LHP Keith Pratt
|
|
Batting: SHB Ben Ervin
|
0-0: Ball 1-0: Called Strike 1-1: Called Strike 1-2: Strikes out swinging
|
Batting: SHB Greg Shaw
|
0-0: Called Strike 0-1: Foul Ball, location: 2F 0-2: Ball 1-2: Ball 2-2: Strikes out looking
|
Batting: RHB Alois Wollf
|
0-0: Ball 1-0: Called Strike 1-1: Called Strike 1-2: Foul Ball, location: 2F 1-2: Foul Ball, location: 2F 1-2: Ball 2-2: Ball 3-2: Base on Balls
|
Batting: LHB Kevin McCormic Jr.
|
0-0: Called Strike 0-1: Foul Ball, location: 2F 0-2: Strikes out swinging
|
Top of the 9th over - 0 runs, 0 hits, 0 errors, 1 left on base; Boston 3 - California 4 |
|